 Dungeon Crawl Stone Soup version 0.27-a0-262-gc50aac2 (webtiles) character file.

Game seed: 8405828740951246146

66 Illumine the Conjurer (level 3, -2/26 HPs)
             Began as a Demigod Conjurer on Feb 4, 2021.
             Shot with a stone by a hobgoblin (7 damage)
             ... on level 2 of the Dungeon.
             The game lasted 00:03:48 (2150 turns).

Illumine the Conjurer (Demigod Conjurer)            Turns: 2150, Time: 00:03:48

Health: -2/26      AC:  2    Str: 10    XL:     3   Next: 69%
Magic:  3/9        EV: 12    Int: 24    God:
Gold:   48         SH:  0    Dex: 14    Spells: 4/7 levels left

rFire    . . .     SeeInvis .   b - -2 club (curse)
rCold    . . .     Faith    .   (no shield)
rNeg     + + .     Spirit   .   a - +0 robe
rPois    .         Reflect  .   (no helmet)
rElec    .         Harm     .   (no cloak)
rCorr    .         Rampage  .   (no gloves)
Will     .....                  (no boots)
Stlth    ++........             (no amulet)
HPRegen  0.08/turn              c - ring of positive energy
MPRegen  0.11/turn              i - ring of positive energy

@: no status effects
A: high mp 1
a: no special abilities


You were on level 2 of the Dungeon.
You visited 1 branch of the dungeon, and saw 2 of its levels.

You collected 48 gold pieces.

Inventory:

Hand Weapons
 b - a cursed -2 club (weapon)
Missiles
 f - 19 poisoned darts
Armour
 a - a +0 robe (worn)
Jewellery
 c - a ring of positive energy (left hand)
 i - a ring of positive energy (right hand)
Scrolls
 d - 5 scrolls of identify {unknown}
 e - 2 scrolls of teleportation {unknown}
 g - a scroll of amnesia {unknown}
 l - a scroll of remove curse {unknown}
 m - 2 scrolls of random uselessness {unknown}
Potions
 h - a potion of heal wounds {unknown}
 j - a potion of flight {unknown}
 k - a potion of attraction {unknown}


   Skills:
 - Level 1.7 Dodging
 - Level 1.7 Stealth
 + Level 2.8 Spellcasting
 + Level 4.4 Conjurations


You had 4 spell levels left.
You knew the following spells:

 Your Spells              Type           Power        Failure   Level
a - Magic Dart            Conj           96%          1%          1
b - Searing Ray           Conj           48%          2%          2

Your spell library contained the following spells:

 Spells                   Type           Power        Failure   Level
 Dazzling Flash           Conj/Hex       28%          13%         3
 Fulminant Prism          Conj/Hex       7%           41%         4
 Iskenderun's Mystic Bla  Conj/Tloc      14%          41%         4


Dungeon Overview and Level Annotations

Branches:
Dungeon (2/15)


Innate Abilities, Weirdness & Mutations

You have an increased reservoir of magic. (+10% MP)


Message History

The magic dart hits the hobgoblin but does no damage.
The hobgoblin is heavily wounded.
The hobgoblin hits you with a +0 whip.
You hit the hobgoblin but do no damage.
The hobgoblin is heavily wounded.
The hobgoblin hits you with a +0 whip. x2
* * * LOW HITPOINT WARNING * * *
The hobgoblin unwields a +0 whip.
The hobgoblin wields a +0 hunting sling.
The hobgoblin shoots a stone.
The stone barely misses you.
The hobgoblin shoots a stone.
The stone closely misses you.
The hobgoblin shoots a stone.
The stone hits you.
* * * LOW HITPOINT WARNING * * *
You see here a +0 club.
The hobgoblin shoots a stone.
The stone hits you.
* * * LOW HITPOINT WARNING * * *
The hobgoblin shoots a stone.
The stone barely misses you.
There is a stone staircase leading up here.
The hobgoblin shoots a stone.
The stone hits you!
You die...

########### #.........#
#......)..# #.........#
#......(..#
##########...รท.....#
#........[.........#
#..................#
#............@.....#
####..)...............#
.........g....#########
####..........#
###...........##
##....###......#
......#####.##.#
.......# #..#.#
############
......######...###
#..........#


You could see a hobgoblin.

Vanquished Creatures
  A worm (D:2)
  2 dart slugs (D:1)
  2 leopard geckos (D:1)
  A giant cockroach (D:1)
  10 hobgoblins
  4 jackals (D:2)
  5 bats
  5 frilled lizards
  11 goblins
  4 kobolds
  12 rats
57 creatures vanquished.

Vanquished Creatures (others)
  17 plants (D:1)
17 creatures vanquished.

Grand Total: 74 creatures vanquished

Notes
Turn   | Place    | Note
-------+----------+-------------------------------------------
     0 | D:1      | Illumine the Demigod Conjurer began the quest for the Orb.
     0 | D:1      | Reached XP level 1. HP: 14/14 MP: 5/5
   313 | D:1      | Reached XP level 2. HP: 20/20 MP: 0/7
   545 | D:1      | Learned a level 2 spell: Searing Ray
   564 | D:1      | Reached skill level 4 in Conjurations
  1066 | D:1      | Reached XP level 3. HP: 26/26 MP: 7/9
  2150 | D:2      | Shot with a stone by a hobgoblin

Illustrated notes

Levels and vault maps discovered:
D:1:      minmay_arrival_four_houses, layout_loops_ring, serial_bayou,
          serial_bayou_pond_e, serial_bayou_shore_b, serial_bayou_pond_b,
          serial_bayou_shore_a, serial_bayou_pond_a, serial_bayou_pond_b
D:2:      layout_rooms

Skill      XL: |  1  2 |
---------------+-------+-----
Spellcasting   | 2 |  2.8
Conjurations   | 4 |  4.4
Dodging        | |  1.7
Stealth        | |  1.7

Action                   || total
-------------------------++-------
Melee: Club              ||     4
 Cast: Magic Dart        ||   112
       Searing Ray       ||     2
Armor: Robe              ||     2
Dodge: Dodged            ||    17

Table legend: (Time is in decaauts)
 A = Elapsed time spent in this place.
 B = Non-inter-level travel time spent in this place.
 C = Inter-level travel time spent in this place.
 D = Time resting spent in this place.
 E = Time spent auto-exploring this place.
 F = Levels seen in this place.
 G = Mean time per level.
                   A        B        C        D        E       F      G
               +--------+--------+--------+--------+--------+-----+--------+
         Total |   2177 |   2137 |     40 |    476 |   1400 |   2 | 1088.5 |
       Dungeon |   2177 |   2137 |     40 |    476 |   1400 |   2 | 1088.5 |
               +--------+--------+--------+--------+--------+-----+--------+

Top non-repeatable levels by time:
     D:1: 1673 daAuts
     D:2: 503 daAuts
